 Dungeon Crawl Stone Soup version 0.22.1 (webtiles) character file.

46 MalarOregon the Firebug (level 3, -8/29 HPs)
             Began as a Hill Orc Fire Elementalist on Sept 17, 2018.
             Mangled by a gnoll
             ... wielding a +0 halberd
              (16 damage)
             ... on level 2 of the Dungeon.
             The game lasted 00:04:04 (1497 turns).

MalarOregon the Firebug (HOFE)                      Turns: 1497, Time: 00:04:05

Health: -8/29      AC:  3    Str: 10    XL:     3   Next: 68%
Magic:  3/5        EV: 12    Int: 16    God:
Gold:   77         SH:  0    Dex: 11    Spells: 4/5 levels left

rFire    . . .     SeeInvis .   i - +0 whip
rCold    . . .     Gourm    .   (no shield)
rNeg     . . .     Faith    .   a - +0 robe
rPois    .         Spirit   .   m - +0 helmet
rElec    .         Reflect  .   (no cloak)
rCorr    .         Harm     .   (no gloves)
MR       .....                  (no boots)
Stlth    ++........             (no amulet)
HPRegen  0.09/turn              j - ring of wizardry
MPRegen  0.09/turn              (no ring)

@: no status effects
A: no striking features
a: no special abilities


You were on level 2 of the Dungeon.
You were not hungry.

You visited 1 branch of the dungeon, and saw 2 of its levels.

You collected 77 gold pieces.

Inventory:

Hand Weapons
 i - a +0 whip (weapon)
   (You found it on level 1 of the Dungeon)
Armour
 a - a +0 robe (worn)
 m - a +0 helmet (worn)
   (You found it on level 2 of the Dungeon)
Jewellery
 j - a ring of wizardry (left hand)
   (You found it on level 1 of the Dungeon)
 l - a +3 ring of evasion {unknown}
   (You took it off a kobold on level 2 of the Dungeon)
Scrolls
 c - a scroll of blinking {unknown}
 d - 2 scrolls of identify {unknown}
 g - 3 scrolls of immolation {unknown}
 h - a scroll of noise {unknown}
 n - a scroll of teleportation {unknown}
Potions
 b - a potion of flight {unknown}
 k - a potion of heal wounds {unknown}
 o - a potion of haste {unknown}
Comestibles
 e - 3 rations {!d}
 f - 4 chunks of flesh


   Skills:
 + Level 1.8 Fighting
 + Level 2.0 Dodging
 - Level 1.5 Stealth
 - Level 1.5 Spellcasting
 + Level 1.8 Conjurations
 + Level 3.8 Fire Magic


You had 4 spell levels left.
You knew the following spells:

 Your Spells              Type           Power        Failure   Level  Hunger
a - Flame Tongue          Conj/Fire      ##...        2%          1    ##.....

Your spell library contained the following spells:

 Spells                   Type           Power        Failure   Level  Hunger
 Throw Flame              Conj/Fire      ##....       4%          2    ###....
 Conjure Flame            Conj/Fire      ##......     9%          3    ####...
 Inner Flame              Hex/Fire       #.......     12%         3    ####...
 Sticky Flame             Conj/Fire      ##......     26%         4    #####..
 Fireball                 Conj/Fire      ##........   56%         5    ######.


Dungeon Overview and Level Annotations

Branches:
Dungeon (2/15)

Altars:
Ashenzari
Dithmenos
Makhleb
Yredelemnul


Message History

No target in view!
No target in view!
No target in view!
No target in view!
No target in view!
No target in view!
You butcher the bat corpse.
f - 6 chunks of flesh (gained 1)
You see here a bat skeleton. x2
You open the door.
There is an open door here.
A gnoll comes into view. It is wielding a club.
The gnoll shouts!
Found a scroll labeled VITZIJ FOCRAA and a whip.
Unknown command.
A frilled lizard comes into view.
A gnoll comes into view. It is wielding a halberd.
A gnoll comes into view. It is wielding a spear.
The gnoll shouts!
You hear a shout!
You hear an angry hiss.
You hear a shout!
Aim: a gnoll, wielding a club The flame tongue hits the gnoll.
The gnoll throws a throwing net.
The throwing net hits you.
You become entangled in the net!
Aim: a gnoll, wielding a club (lightly wounded)
The flame tongue hits the gnoll.
A gnoll comes into view. It is wielding a spear.
Some of the chunks of flesh in your inventory have rotted away.
Unknown command.
You struggle against the net.
The gnoll hits you but does no damage.
You struggle against the net.
The gnoll hits you with a club.
An adder comes into view.
The frilled lizard bites you but does no damage.
You struggle against the net.
The adder hisses angrily.
The gnoll hits you with a club! The frilled lizard bites you.
* * * LOW HITPOINT WARNING * * *
The gnoll hits you from afar with a spear.
* * * LOW HITPOINT WARNING * * *
Unknown command.
You rip the net and break free!
The gnoll hits you with a club.
* * * LOW HITPOINT WARNING * * *
The frilled lizard bites you.
* * * LOW HITPOINT WARNING * * *
The gnoll barely misses you.
The gnoll hits you from afar with a spear.
* * * LOW HITPOINT WARNING * * *
Unknown command.
There is an open door here.
The gnoll hits you from afar with a halberd!
Ouch! That really hurt!
You die...

.... #........)÷.. ...# #
#............ #######..#.#
#...........# .......g...#
#...........# ?....$..###
#.......###.# .......gl÷#
#.......#####
........#g####.......#...#
).....Sg.....+.......'....
#######.#@####.......#.###
#.#.# #########.#.# ..#.#
#...#
####.############.#<#
#...........######
######...........'.....
##................######
#..#.#............######
#.................##....


You could see 3 gnolls, an adder and a frilled lizard.

Vanquished Creatures
  3 worms (D:2)
  A dart slug (D:1)
  3 bats
  A giant cockroach (D:2)
  3 goblins
  5 hobgoblins
  7 jackals (D:1)
  A quokka (D:2)
  A ball python (D:2)
  2 kobolds
  6 rats
33 creatures vanquished.

Vanquished Creatures (others)
  A fungus (D:2)
1 creature vanquished.

Grand Total: 34 creatures vanquished

Notes
Turn   | Place    | Note
-------+----------+-------------------------------------------
     0 | D:1      | MalarOregon the Hill Orc Fire Elementalist began the quest
                  | for the Orb.
     0 | D:1      | Reached XP level 1. HP: 14/14 MP: 3/3
   364 | D:1      | Reached XP level 2. HP: 22/22 MP: 0/4
   497 | D:1      | Reached skill level 1 in Fighting
   728 | D:1      | Reached XP level 3. HP: 28/28 MP: 3/5
   945 | D:2      | Found a shadowy altar of Dithmenos.
  1055 | D:2      | Found a shattered altar of Ashenzari.
  1059 | D:2      | Saw a vision of the Swamp and the Spider Nest.
  1059 | D:2      | Noticed a wolf spider
  1059 | D:2      | Noticed a redback
  1059 | D:2      | Noticed a wolf spider
  1059 | D:2      | Noticed a redback
  1059 | D:2      | Noticed a redback
  1059 | D:2      | Noticed a swamp drake
  1059 | D:2      | Noticed an alligator
  1205 | D:2      | Found a shattered altar of Ashenzari.
  1205 | D:2      | Found a basalt altar of Yredelemnul.
  1206 | D:2      | Found a burning altar of Makhleb.
  1497 | D:2      | Mangled by a gnoll

Skill      XL: |  1  2  3 |
---------------+----------+-----
Fighting       | 1 |  1.8
Dodging        | 2 |  2.0
Stealth        | |  1.5
Spellcasting   | |  1.5
Conjurations   | |  1.8
Fire Magic     | |  3.8

Action                   || total
-------------------------++-------
Melee: Unarmed           ||     3
       Whip              ||    16
 Cast: Flame Tongue      ||    56
  Eat: Chunk             ||     3
Armor: Robe              ||    14
Dodge: Dodged            ||    28
